Map: Overgrown Facility

Players

SeanConnery

  • Race: Terran Terran
  • League: Diamond
  • Spawn Location: 7:00

Norris

  • Race: Protoss Protoss
  • League: Diamond
  • Spawn Location: 9:00

Filmic - Winner!

  • Race: Protoss Protoss
  • Spawn Location: 3:00

Adversity - Winner!

  • Race: Terran Terran
  • Spawn Location: 1:00

VOD

Have the link to the VOD?

Description

Time

  • Played on: July 18, 2018, 4:24 p.m.
  • Length: 7:23
Show
View Real Time Build Order
Export as new Build Order

SeanConnery Terran 

Build Orders:  

Get SALT Encoding   

  12  0:01  SCV  
  13  0:13  SCV  
  14  0:19  Supply Depot  
  14  0:25  SCV  
  15  0:29  Refinery  
  15  0:40  SCV  
  16  0:48  Barracks  
  16  0:54  SCV  
  17  1:06  SCV  
  18  1:18  SCV  
  19  1:33  Barracks  
  19  1:36  Barracks  
  19  1:39  Reaper  
  20  1:48  Supply Depot  
  20  1:50  Refinery  
  20  1:58  Bunker  
  20  2:09  Orbital Command  
  20  2:11  Reaper  
  21  2:23  Reaper  
  21  2:25  Reaper  
  23  2:43  Reaper  
  24  2:56  Reaper  
  24  2:57  Reaper  
  26  3:07  SCV  
  27  3:15  Reaper  
  28  3:28  Reaper  
  28  3:29  Reaper  
  28  3:47  Reaper  
  25  4:00  Reaper  
  26  4:03  Reaper  
  26  4:08  Factory  
  27  4:10  Engineering Bay  
  27  4:12  Command Center  
  27  4:13  SCV  
  28  4:30  Reaper  
  29  4:36  Missile Turret  
  29  4:42  Barracks Tech Lab, Barracks Reactor  
  29  4:47  Missile Turret  
  29  4:55  Supply Depot  
  29  4:57  Supply Depot  
  29  5:03  Stimpack  
  29  5:10  Barracks Tech Lab  
  29  5:14  Reaper  
  24  5:36  Marine x2, Marauder  
  23  5:47  Marauder  
  24  5:51  Orbital Command  
  24  5:55  SCV  
  25  6:00  Marine x2  
  25  6:01  Cyclone  
  30  6:04  Marauder  
  32  6:14  Marine  
  33  6:18  SCV  
  33  6:21  Marine x2  
  33  6:25  SCV  
  37  6:27  Marine  
  37  6:30  SCV  
  39  6:47  Marine x3  
  39  6:49  Cyclone  
Show
View Real Time Build Order
Export as new Build Order

Norris Protoss 

Build Orders: Blink Stalkers 

Get SALT Encoding   

  12  0:01  Probe  
  13  0:14  Probe  
  13  0:19  Pylon  
  14  0:33  Probe  
  15  0:37  Gateway  
  15  0:42  Probe  
  15  0:45  Assimilator  
  16  0:53  Probe  
  16  0:55  Assimilator  
  16  1:01  Probe  
  18  1:12  Probe  
  19  1:19  Pylon  
  19  1:23  Probe  
  20  1:35  Probe  
  21  1:41  Cybernetics Core  
  21  1:53  Gateway  
  21  1:59  Pylon  
  21  2:06  Probe  
  21  2:08  Stalker  
  22  2:19  Warp Gate  
  24  2:28  Shield Battery  
  24  2:39  Twilight Council  
  24  2:49  Stalker  
  26  2:55  Stalker  
  27  3:19  Stalker  
  28  3:20  Blink  
  28  3:25  Stalker  
  30  3:49  Stalker  
  30  3:52  Robotics Facility  
  32  4:14  Pylon  
  32  4:18  Stalker  
  34  4:36  Nexus  
  34  4:39  Observer  
  35  4:47  Stalker  
  37  4:53  Probe  
  37  5:06  Stalker  
  37  5:16  Probe  
  38  5:23  Pylon  
  38  5:28  Probe  
  38  5:29  Pylon  
  39  5:41  Probe  
  40  5:51  Stalker  
  40  5:53  Probe  
  40  5:54  Warp Prism  
  38  6:05  Probe  
  38  6:06  Probe  
  40  6:14  Probe  
  41  6:30  Probe  
  41  6:31  Probe  
  43  6:37  Stalker  
  45  6:42  Probe  
  40  6:54  Probe  
  40  6:55  Probe  
  42  7:06  Probe  
  42  7:07  Probe  
Show
View Real Time Build Order
Export as new Build Order

Filmic Protoss - Winner!

Build Orders: Oracle Opening, Phoenix Opening 

Get SALT Encoding   

  12  0:01  Probe  
  13  0:13  Probe  
  14  0:21  Pylon  
  14  0:24  Assimilator  
  14  0:29  Probe  
  15  0:42  Probe  
  15  0:44  Gateway  
  16  0:51  Probe  
  17  1:00  Assimilator  
  17  1:02  Probe  
  18  1:15  Probe  
  21  1:32  Cybernetics Core, Zealot  
  21  1:35  Probe  
  22  1:40  Pylon  
  22  1:43  Probe  
  23  1:57  Probe  
  24  2:10  Stargate  
  24  2:14  Warp Gate  
  24  2:15  Probe  
  24  2:21  Pylon  
  25  2:44  Nexus  
  25  2:45  Oracle  
  28  3:00  Sentry  
  30  3:22  Phoenix  
  31  3:39  Probe  
  32  3:46  Phoenix  
  34  3:49  Probe  
  34  3:52  Probe  
  35  3:57  Probe  
  35  4:00  Assimilator, Probe  
  37  4:05  Assimilator, Probe  
  39  4:10  Probe  
  39  4:11  Phoenix  
  42  4:23  Probe x2  
  44  4:28  Twilight Council  
  44  4:31  Probe  
  44  4:35  Probe  
  44  4:36  Phoenix  
  48  4:46  Probe  
  48  4:49  Probe  
  50  4:58  Probe  
  51  5:01  Phoenix  
  51  5:06  Probe  
  54  5:08  Charge  
  54  5:22  Gateway  
  54  5:24  Gateway  
  54  5:29  Pylon  
  54  5:32  Pylon  
  54  5:42  Forge  
  54  5:45  Forge  
  54  5:47  Probe x2  
  54  5:48  Sentry  
  58  5:59  Probe x2  
  60  6:11  Probe x2  
  62  6:16  Gateway  
  62  6:17  Gateway  
  62  6:18  Pylon  
  62  6:23  Templar Archives  
  62  6:27  Sentry x2  
  66  6:51  Zealot x2  
  70  6:57  Gateway  
  70  6:59  Pylon  
  68  7:01  Pylon  
  68  7:03  Zealot  
  64  7:13  Zealot  
  64  7:14  Zealot  
Show
View Real Time Build Order
Export as new Build Order

Adversity Terran - Winner!

Build Orders:  

Get SALT Encoding   

  12  0:04  SCV  
  13  0:17  SCV  
  14  0:23  Supply Depot  
  14  0:29  SCV  
  14  0:33  Refinery  
  15  0:45  SCV  
  15  0:49  Barracks  
  17  0:57  SCV  
  17  1:09  SCV  
  18  1:12  Barracks  
  18  1:25  SCV  
  19  1:28  Barracks  
  19  1:45  Reaper  
  19  1:46  Orbital Command  
  20  1:55  Supply Depot  
  20  2:07  Reaper  
  21  2:11  Refinery  
  21  2:12  SCV  
  22  2:17  Reaper  
  22  2:18  Reaper  
  24  2:27  SCV  
  25  2:30  Supply Depot  
  25  2:39  SCV  
  25  2:41  Reaper  
  27  2:49  Reaper  
  28  2:51  SCV  
  28  2:53  Reaper  
  30  3:07  SCV  
  31  3:13  Reaper  
  32  3:24  Reaper  
  32  3:25  Command Center  
  33  3:27  SCV  
  34  3:35  Reaper  
  35  3:49  Reaper  
  35  3:51  SCV  
  37  3:56  Barracks, Supply Depot  
  37  4:04  SCV  
  37  4:07  Barracks  
  39  4:18  SCV  
  40  4:30  SCV  
  42  4:33  Barracks Reactor x2, Barracks Tech Lab  
  42  4:37  Factory  
  40  4:45  Marine  
  40  4:47  Orbital Command  
  40  4:48  SCV  
  41  4:58  Marine x2  
  43  5:10  Marine x4  
  43  5:11  Marine  
  47  5:15  SCV x2  
  47  5:17  Engineering Bay  
  47  5:20  Marine x2  
  50  5:35  Marine x2  
  50  5:45  Factory Reactor, Starport  
  50  5:47  SCV  
  50  5:48  SCV  
  47  5:50  Refinery, Barracks Reactor  
  47  5:51  Refinery  
  46  5:58  Marine x3  
  46  5:59  Marine, SCV  
  52  6:08  Barracks Reactor  
  52  6:09  Marine  
  52  6:11  SCV  
  53  6:12  SCV  
  53  6:16  Marine x4  
  58  6:23  SCV  
  58  6:24  SCV  
  60  6:27  Marine  
  60  6:29  Refinery x2, Factory Tech Lab  
  61  6:34  Marine  
  61  6:35  Supply Depot  
  61  6:37  Supply Depot  
  62  6:56  Marine x8  
  62  6:58  Marine, SCV x2  
  78  7:13  Supply Depot x2  
  78  7:15  Supply Depot  
Tags
 
Add a new tag
Caveats
  • Supply blocks, unpowered buildings, or Contaminate may cause inaccurate times.
  • Supply counts are checked every 10 seconds.